Unix NetHack Version 5.0.0-0 post-release - last build May 10 2026 23:12:36 (d1fa5d53e341ca933230fdaa984d921c805b60aa,branch:main).

Game began 2026-05-10 14:31:20, ended 2026-05-13 13:30:32.

BilldaCat, neutral male human Wizard

                          ------------------------
                          |............)...%`.^..|
                          |.-------------------..|
                          |.|        -----    |[----
                          |.|        |...--  --.|..|
                          |`|        |...0|--|.j...|
                          |.|        |....|..|.'[..|
                          |.|        --....%.|..@[--
                          |.|------   |...|.......|
                          |.|.....|-- |...|..|....|
                          |.|.....+.| |...|---....|
                          |.|0....|-| --..|......%|
                          |.%.$.$$+.|  --.|....----
                          --|.....|-|   |.--.---
                            |.(...-.|   |.....|
                            |.$..$|--   |..|.>|
                            -------     -------

BilldaCat the Thaumaturge  St:16 Dx:16 Co:18 In:17 Wi:9 Ch:8  Neutral
Dlvl:5  $:187 HP:0(98) Pw:4(90) AC:-1 Xp:9 T:6290 

Latest messages:
 You read: "ELbereth".
 You see no objects here.
 The owlbear turns to flee.
 The ogre lord picks up a mummy wrapping.
 You stop waiting.
 Something is written here in the dust.
 You read: "E|be?eth".
 You see no objects here.
 What do you want to write with? [- ac-gntuwxA-CE-IKLNTVX or ?*] -
 Do you want to add to the current engraving? [ynq] (y) n
 You wipe out the message that was written in the dust here.
 You write in the dust with your fingertip.
 What do you want to write in the dust here? Elbereth
 Something is written here in the dust.
 You read: "Elbereth".
 You see no objects here.
 The ogre lord picks up 6 crossbow bolts.
 The ogre lord throws a crude dagger!
 The crude dagger hits the owlbear.
 Something is written here in the dust.
 You read: "Elbereth".
 You see no objects here.
 The ogre lord picks up a crude dagger.
 The ogre lord throws a crude dagger!
 The crude dagger slips as the ogre lord throws it!
 Something is written here in the dust.
 You read: "Elbereth".
 You see no objects here.
 The owlbear turns to flee.
 You hit the owlbear!
 You hit the owlbear!
 The owlbear hits!
 The owlbear just misses!
 You feel yourself slow down a bit.
 You kill the owlbear!
 Click!  You trigger a rolling boulder trap!
 No boulder was released.
 What do you want to zap? [ctwxELNTV or ?*] ?
 In what direction? .
 You are suddenly moving faster.
 You miss the ogre lord.
 The ogre lord thrusts his broad short sword.
 The ogre lord hits!
 You see here a mummy wrapping.
 The flesh golem hits!
 The flesh golem hits again!
 The flesh golem hits!
 You die...
 Do you want your possessions identified? [ynq] (y) y
 Do you want to see your attributes? [ynq] (y) q

Inventory:
 Coins    ('$')
  $ - 187 gold pieces
 Amulets  ('"')
  R - an uncursed amulet versus poison (being worn)
 Weapons  (')')
  a - a blessed +1 quarterstaff (weapon in hands)
 Armor    ('[')
  U - an uncursed +0 pair of kicking boots (being worn)
  Y - an uncursed +0 cloak of magic resistance (being worn)
  j - a blessed greased rotproof +0 silver dragon scale mail (being worn)
 Comestibles  ('%')
  l - 2 uncursed cloves of garlic
  h - 3 uncursed tripe rations
  Z - an uncursed tin of szechuan quivering blob
 Potions  ('!')
  P - a blessed potion of object detection
 Rings    ('=')
  A - an uncursed ring of fire resistance
  C - an uncursed ring of free action (on left hand)
  u - an uncursed ring of levitation
  B - an uncursed ring of polymorph
  e - an uncursed ring of searching (on right hand)
  d - an uncursed ring of shock resistance
  K - an uncursed ring of teleport control
 Wands    ('/')
  L - a blessed wand of light (0:11)
  E - a wand of light (0:10)
  N - a wand of make invisible (0:7)
  c - a blessed wand of polymorph (0:4)
  x - a wand of polymorph (0:4)
  t - a wand of secret door detection (0:13)
  T - a wand of speed monster (0:3)
  w - a wand of stasis (0:0)
  V - a wand of striking named striking (0:0)
 Tools    ('(')
  b - an uncursed sack containing 21 items
  o - an uncursed blindfold
  X - a magic marker (0:57)
  n - a magic marker (0:22)
  i - a blessed oil lamp
  k - an uncursed skeleton key
 Gems/Stones  ('*')
  F - an uncursed agate stone
  I - 2 uncursed citrine stones
  H - an uncursed fluorite stone
  g - an uncursed jacinth stone
  G - an uncursed jasper stone
  f - an uncursed jet stone

Contents of the sack:
  an uncursed food ration
  2 uncursed melons
  an uncursed orange
  an uncursed tripe ration
  an uncursed lizard corpse
  an uncursed scroll of confuse monster
  a blessed scroll of destroy armor
  2 uncursed scrolls of earth named earth
  a cursed scroll of enchant weapon
  2 uncursed scrolls of fire
  an uncursed scroll of remove curse
  an uncursed scroll of taming
  an uncursed scroll of teleportation
  an uncursed potion of gain energy
  a cursed potion of gain energy
  an uncursed potion of hallucination
  an uncursed potion of invisibility
  a cursed potion of paralysis
  an uncursed potion of sickness
  a potion of holy water
  4 uncursed potions of water

BilldaCat the Wizard's attributes:

Background:
 You were a Thaumaturge, a level 9 male human Wizard.
 You were neutral, on a mission for Thoth
 who was opposed by Ptah (lawful) and Anhur (chaotic).
 You were left-handed.
 You were in Sokoban, on level 5.
 You entered the dungeon 6290 turns ago.
 You had 4156 experience points, 964 more were needed to attain level 10.

Basics:
 You had 0 out of 98 hit points.
 You had 4 out of 90 energy points (spell power).
 Your armor class was -1.
 Your wallet contained 187 zorkmids.
 Autopickup was on for '$"?!/=' plus thrown, with exceptions.

Final Characteristics:
 Your strength was 16 (limit:18/100).
 Your dexterity was 16 (limit:18).
 Your constitution was 18 (limit:18).
 Your intelligence was 17 (limit:18).
 Your wisdom was 9 (limit:18).
 Your charisma was 8 (limit:18).

Final Status:
 You weren't hungry.
 You were unencumbered.
 You were wielding a quarterstaff.
 You had basic skill with quarterstaff and could have enhanced that.

Final Attributes:
 You were piously aligned.
 You were magic-protected.
 You were fire resistant.
 You were cold resistant.
 You were sleep resistant.
 You were poison resistant.
 You had automatic searching.
 You were warded.
 You were very fast.
 You had reflection.
 You had free action.
 You are dead.

Miscellaneous:
 You encountered 1 bones level.
 Total elapsed playing time was 58 minutes and 37 seconds.

Major events:
 Turn
    1: BilldaCat the neutral male human Wizard entered the dungeon
  462: entered the Gnomish Mines
  497: attained the rank of Conjurer (level 3)
  672: reached Mine Town
 1197: made his first wish - "blessed greased fixed +5 silver dragon scale mail", got "a greased silver dragon scale mail"
 1487: attained the rank of Thaumaturge (level 6)
 3035: the Oracle has been killed
 3686: entered Sokoban
 3893: completed 1st Sokoban level
 4425: completed 2nd Sokoban level
 4795: completed 3rd Sokoban level
 5697: completed 4th Sokoban level
 6290: killed by a flesh golem

Spells:
 Name                 Level Category     Fail Retention
 force bolt             1   attack         0%   61%-70%
 clairvoyance           3   divination    75%   51%-75%
 light                  1   divination     0%   51%-75%
 create monster         2   clerical       0%  76%-100%
 detect food            2   divination     0%  76%-100%
 knock                  1   matter         0%  76%-100%

Skills:
 Fighting Skills
   bare handed combat [Unskilled]
   riding             [Unskilled]
 Weapon Skills
   dagger             [Unskilled]
   knife              [Unskilled]
   axe                [Unskilled]
   short sword        [Unskilled]
   club               [Unskilled]
   mace               [Unskilled]
   quarterstaff       [Basic]
   polearms           [Unskilled]
   spear              [Unskilled]
   trident            [Unskilled]
   sling              [Unskilled]
   dart               [Unskilled]
   shuriken           [Unskilled]
 Spellcasting Skills
   attack spells      [Basic]
   healing spells     [Unskilled]
   divination spells  [Unskilled]
   enchantment spells [Basic]
   clerical spells    [Unskilled]
   escape spells      [Unskilled]
   matter spells      [Unskilled]

Voluntary challenges:
 Character rerolling was not enabled.
 You never genocided any monsters.
 You never changed form.
 You used 1 wish.
 You did not wish for any artifacts.
 You violated the special Sokoban rules twice.
Achievements:
 You entered a shop.
 You entered the Gnomish Mines.
 You attained the rank of Conjurer.
 You entered Minetown.
 You entered a temple.
 You attained the rank of Thaumaturge.
 You entered Sokoban.

 The Dungeons of Doom: levels 1 to 9
    Level 1:
    Level 2:
       A general store.
    Level 3:
       A general store.
       Stairs down to The Gnomish Mines.
    Level 4:
    Level 5:
    Level 6:
       A food shop.
    Level 7:
       A weapon shop, a fountain.
    Level 8:
       Many fountains.
       Oracle of Delphi.
    Level 9:
       A potion shop, a fountain.
       Stairs up to Sokoban, level 8.
 The Gnomish Mines: levels 4 to 7
    Level 4:
    Level 5:
    Level 6:
       Many shops, a temple and an altar, some fountains.
    Level 7:
       Final resting place for
          Sapphirejax-Mon-Hum-Mal-Cha, killed by a hill orc,
          Wizzard5-Wiz-Elf-Fem-Cha, killed by a gnome queen.
 Sokoban: levels 8 up to 5
    Level 5: <- You were here.
       Solved.
       Final resting place for
          you, killed by a flesh golem.
    Level 6:
       Solved.
    Level 7:
       Solved.
    Level 8:
       Solved.


Vanquished creatures:
  a glass golem
the Oracle
  a lich
  a giant mimic
  a flesh golem
  a stalker
  a giant mummy
  2 giant zombies
  5 small mimics
  a xan
 an ettin mummy
  a wood golem
  a flaming sphere
  a shocking sphere
  a large cat
  a tengu
  a leocrotta
 an elf mummy
  a red naga
 an ettin zombie
 an amorous demon
  2 chameleons
  a crocodile
  2 giant beetles
  a quivering blob
  2 cockatrices
  a spotted jelly
  a leprechaun
  2 mumakil
  a giant spider
  a horse
  a black light
  a gnome ruler
  2 dwarf mummies
 an owlbear
  a yeti
  a piranha
  a lizard
  a dog
  2 dwarf leaders
  a dust vortex
  a snake
  a Woodland-elf
  2 soldier ants
 an imp
  2 quasits
  a wood nymph
  a mountain nymph
  2 rock moles
  6 fog clouds
  a shrieker
  2 violet fungi
  6 gnome leaders
  2 gnomish wizards
  a kobold mummy
 an elf zombie
 10 dwarves
  a kobold leader
  a kobold shaman
  7 hill orcs
  3 rothes
  a rabid rat
  a centipede
  2 giant bats
  5 orc zombies
  4 iguanas
  2 coyotes
  3 hobbits
  2 manes
  a large kobold
  2 hobgoblins
  5 giant rats
  2 cave spiders
  a yellow mold
  a green mold
 21 gnomes
  a gnome zombie
  4 geckos
  6 jackals
  a fox
  a kobold
  a sewer rat
  9 grid bugs
  6 lichens
  2 kobold zombies
  2 newts
190 creatures vanquished.

No species were genocided or became extinct.

Game over:
                       ----------
                      /          \
                     /    REST    \
                    /      IN      \
                   /     PEACE      \
                  /                  \
                  |    BilldaCat     |
                  |      187 Au      |
                  |   killed by a    |
                  |   flesh golem    |
                  |                  |
                  |                  |
                  |       2026       |
                 *|     *  *  *      | *
        _________)/\\_//(\/(/\)/\//\/|_)_______

Goodbye BilldaCat the Wizard...

You died in Sokoban on dungeon level 5 with 17223 points,
and 187 pieces of gold, after 6290 moves.
You were level 9 with a maximum of 98 hit points when you died.

